 Dungeon Crawl Stone Soup version 0.30-a0-1160-g6e42c06551 (webtiles) character file.

Game seed: 5881931599047001112

774 holysushi the Cutter (level 7, -3/46 HPs)
             Began as an Octopode Monk on Apr 26, 2023.
             Was an Initiate of Gozag.
             Slain by an orc
             ... wielding a +0 club
              (5 damage)
             ... on level 5 of the Dungeon.
             The game lasted 00:05:14 (4555 turns).

holysushi the Cutter (Octopode Monk)                Turns: 4555, Time: 00:05:15

Health: -3/46      AC:  1    Str: 11    XL:     7   Next: 84%
Magic:  7/7        EV: 14    Int: 12    God:    Gozag
Gold:   384        SH:  0    Dex: 16    Spells: 3/6 levels left

rFire   . . .        a - +1 dagger (elec)
rCold   + . .        c - orb {light}
rNeg    . . .        (helmet restricted)
rPois   .            (no amulet)
rElec   .            e - ring of protection from cold
rCorr   .            (no ring)
SInv    .            (no ring)
Will    .....        (no ring)
Stlth   +            (no ring)
HPRegen 0.27/turn    (no ring)
MPRegen 0.10/turn    (no ring)
                     (no ring)

%: no passive effects
@: mighty, gold aura, flying, glowing
A: almost no armour, amphibious, 8 rings, camouflage 1, gelatinous body 1,
(nimble swimmer 1), tentacles
a: Renounce Religion, Potion Petition, Call Merchant, Bribe Branch


You were on level 5 of the Dungeon.
You worshipped Gozag.
Gozag was aware of your devotion.
You visited 2 branches of the dungeon, and saw 6 of its levels.

You collected 384 gold pieces.

Inventory:

Hand Weapons
 a - a +1 dagger of electrocution (weapon)
 d - a +0 short sword
 i - a +0 rapier
Armour
 c - an orb of light (worn)
Magical Staves
 b - a staff of death
Jewellery
 e - a ring of protection from cold (left tentacle)
Wands
 p - a wand of digging (5)
 u - a wand of flame (11)
Scrolls
 f - a scroll of immolation
 g - a scroll of poison
 h - a scroll of blinking
 j - a scroll of teleportation
 m - 4 scrolls of identify
 o - a scroll of magic mapping
 q - a scroll of enchant weapon {unknown}
Potions
 k - a potion of might
 l - a potion of flight
 n - a potion of mutation {unknown}
 t - a potion of cancellation {unknown}


   Skills:
 - Level 3.0 Fighting
 + Level 7.5 Short Blades
 - Level 3.0 Dodging
 + Level 4.2 Necromancy
 - Level 2.0 Evocations


You had 3 spell levels left.
You knew the following spells:

 Your Spells              Type           Power      Damage    Failure   Level
a - Vampiric Draining     Necr           10%        2d6       19%         3

Your spell library contained the following spells:

 Spells                   Type           Power      Damage    Failure   Level
 Slow                     Hex            0%         N/A       32%         1
 Confusing Touch          Hex            0%         N/A       69%         3


Dungeon Overview and Level Annotations

Branches:
Dungeon (5/15) Zot: 25579  Temple (1/1) D:4 Zot: 5933

Altars:
Ashenzari
Cheibriados
Elyvilon
Gozag
Kikubaaqudgha
Makhleb
Nemelex Xobeh
Qazlal
Ru
Sif Muna
Trog
Uskayaw
Vehumet
Wu Jian
Yredelemnul
Zin
The Shining One

Shops:
D:4 [


Innate Abilities, Weirdness & Mutations

You cannot wear most types of armour.
You are amphibious.
You can wear up to eight rings at the same time.
Your skin changes colour to match your surroundings (Stealth+).
Your rubbery body absorbs attacks. (AC +1, EV +1)
((You are camouflaged when in or above water. (Stealth+)))
You have tentacles for arms and can constrict up to eight enemies at once.


Message History

You are too confused!
You bump into the metal wall.
The orc priest is distracted by your dazzling golden aura.
The orc hits you with a +0 club.
The orc wizard casts a spell.
The orc wizard flickers and vanishes for a moment.
You bump into the metal wall.
The orc closely misses you.
The orc wizard gestures at you while chanting.
The magic dart hits you.
You bump into the metal wall.
The orc priest is no longer distracted by gold.
The orc priest closely misses you. The orc closely misses you.
The orc wizard hits you with a +0 dagger.
You're too confused to move!
The orc priest closely misses you. The orc barely misses you.
The orc wizard misses you.
You hit the orc priest but do no damage.
The orc priest hits you with a +0 club. The orc closely misses you.
The orc wizard closely misses you.
You feel very mighty all of a sudden. The orc priest misses you.
The orc closely misses you. The orc wizard closely misses you.
You puncture the orc wizard!
Lightning courses through the orc wizard!
You kill the orc wizard!
You hit the orc priest but do no damage.
Lightning courses through the orc priest!
Your squeeze misses the orc priest.
The orc priest is severely wounded.
The orc priest mumbles some strange prayers to Beogh against you.
Pain shoots through your body!
* * * LOW HITPOINT WARNING * * *
The orc hits you with a +0 club.
* * * LOW HITPOINT WARNING * * *
It was a potion of flight.
You feel very buoyant.
You fly up into the air.
You feel less confused. The orc priest barely misses you.
The orc hits you with a +0 club.
You die...
Your body crumbles into a pile of gold.

####.....#.....#........
#..'##'##'##'##'.###.###
.###.###.##..#.....#..###
#...
..........#..#+###'#..#
#####
.....###..#..#.....#..#
.## ##.'..+.._..+..+
#.#..#.....#..#
#.#..#$###+#..#
#.#..#@o...#..#
#.'##o##'##+ #.#....o#..
#.#.....# ... #.###+##+
+## #. ##


You could see an orc priest and an orc.

Vanquished Creatures
  Duvessa (D:4)
  A black bear (D:5)
  An ogre (D:4)
  A scorpion (D:5)
  Dowan (D:4)
  Crazy Yiuf (D:4)
  A jelly (D:5)
  An orc priest (D:3)
  2 iguanas
  3 orc wizards
  4 adders
  A white imp (D:5)
  4 worms
  A dart slug (D:4)
  8 orcs
  6 bats
  9 endoplasms
  5 giant cockroaches
  9 hobgoblins
  13 jackals
  3 quokkas
  10 ball pythons
  3 frilled lizards
  8 goblins
  13 kobolds
  5 rats
115 creatures vanquished.

Notes
Turn   | Place    | Note
-------+----------+-------------------------------------------
     0 | D:1      | holysushi the Octopode Monk began the quest for the Orb.
     0 | D:1      | Reached XP level 1. HP: 16/16 MP: 1/1
    38 | D:1      | Reached XP level 2. HP: 6/21 MP: 2/2
   192 | D:1      | Reached skill level 4 in Short Blades
   281 | D:1      | Found a faded altar of an unknown god.
   333 | D:1      | Reached XP level 3. HP: 26/26 MP: 3/3
   753 | D:2      | Identified the +0 cloak of Dallebb {rF+ rC+ Str+3}
   949 | D:2      | Reached XP level 4. HP: 24/31 MP: 4/4
  1104 | D:2      | Reached skill level 5 in Short Blades
  1687 | D:3      | Reached XP level 5. HP: 36/36 MP: 5/5
  1981 | D:3      | Reached skill level 6 in Short Blades
  2055 | D:3      | Learned a level 3 spell: Vampiric Draining
  2195 | D:4      | Noticed an ogre
  2201 | D:4      | Killed an ogre
  2202 | D:4      | Reached skill level 1 in Necromancy
  2202 | D:4      | Reached XP level 6. HP: 42/42 MP: 6/6
  2326 | D:4      | Noticed Dowan
  2327 | D:4      | Noticed Duvessa
  2618 | D:4      | Killed Duvessa
  2619 | D:4      | Reached skill level 1 in Evocations
  2625 | D:4      | Killed Dowan
  2744 | D:4      | Found a staircase to the Ecumenical Temple.
  2755 | Temple   | Entered the Ecumenical Temple
  2812 | Temple   | Became a worshipper of Gozag Ym Sagoz the Greedy
  2829 | D:4      | Reached XP level 7. HP: 43/46 MP: 7/7
  2866 | D:4      | Found a runed translucent door.
  2867 | D:4      | Noticed Crazy Yiuf
  2931 | D:4      | Killed Crazy Yiuf
  3373 | D:4      | Found Umyhiru's Antique Armour Shop.
  3462 | D:4      | Noticed an angel
  3465 | D:4      | Found a glowing silver altar of Zin.
  3606 | D:4      | Found an ancient bone altar of Kikubaaqudgha.
  3606 | D:4      | Found a hide-covered altar of Uskayaw.
  3912 | D:5      | Entered Level 5 of the Dungeon
  4267 | D:5      | Reached skill level 7 in Short Blades
  4506 | D:5      | Found an ornate altar of the Wu Jian Council.
  4554 | D:5      | HP: 2/46 [orc/+0 club (1)]
  4555 | D:5      | Slain by an orc

Illustrated notes

Levels and vault maps discovered:
D:1:      beargit_arrival_greenhouse, layout_rooms,
          shapermc_ecumenical_altar_flowoftime
D:2:      layout_rooms, kennysheep_path_1
D:3:      layout_basic
D:4:      layout_layer_cave, zin_angel, gammafunk_temple_overflow_statue,
          minmay_temple_entry_wispy, serial_shops, kennysheep_mini_moat,
          st_stairs_10, uniq_duvessa, uniq_crazy_yiuf_cottage
D:5:      layout_loops_ring, mainiacjoe_overflow_24_doors
Temple:   cyrus_circular_temple

Skill      XL: |  1  2  3  4  5  6  7 |
---------------+----------------------+-----
Short Blades   | 4 5 6 7 |  7.5
Necromancy     | 1 2 4 |  4.2
Evocations     | 1 2 |  2.0
Fighting       | |  3.0
Dodging        | |  3.0

Action                     |  1- 3 |  4- 6 |  7- 9 || total
---------------------------+-------+-------+-------++-------
  Melee: Rapier            |    47 |       |       ||    47
         Constrict         |    24 |    26 |    19 ||    69
         Tentacles         |     6 |    25 |    22 ||    53
         Punch             |     1 |     4 |     1 ||     6
         Dagger            |    36 |   100 |    77 ||   213
   Cast: Vampiric Draining |       |       |     1 ||     1
  Evoke: Wand              |       |     4 |       ||     4
    Use: Potion            |     1 |     4 |     2 ||     7
         Scroll            |     4 |     7 |       ||    11
   Stab: Distracted        |       |     1 |       ||     1
 Armour: Skin              |     9 |    12 |     3 ||    24
  Dodge: Dodged            |    87 |    73 |    50 ||   210

Table legend: (Time is in decaauts)
 A = Elapsed time spent in this place.
 B = Non-inter-level travel time spent in this place.
 C = Inter-level travel time spent in this place.
 D = Time resting spent in this place.
 E = Time spent auto-exploring this place.
 F = Levels seen in this place.
 G = Mean time per level.
                   A        B        C        D        E       F      G
               +--------+--------+--------+--------+--------+-----+--------+
         Total |   4486 |   4311 |    175 |    720 |   2756 |   6 |  747.7 |
       Dungeon |   4419 |   4244 |    175 |    720 |   2722 |   5 |  883.8 |
        Temple |     66 |     66 |      0 |      0 |     34 |   1 |   66.0 |
               +--------+--------+--------+--------+--------+-----+--------+

Top non-repeatable levels by time:
     D:4: 1632 daAuts
     D:3: 813 daAuts
     D:2: 689 daAuts
     D:1: 668 daAuts
     D:5: 614 daAuts
  Temple: 66 daAuts
